[Event "Titled Tuesday Blitz January 31 Early 2023"]
[White "Berezin, Viktor"]
[Black "Necula, Iulian"]
[WhiteFideId "14107872"]
[BlackFideId "1232380"]
[WhiteElo "2307"]
[BlackElo "1851"]
[Result "1-0"]
[Round "01"]
[TimeControl "180+2"]
[Date "2023.01.31"]
[WhiteClock "0:01:35"]
[BlackClock "0:00:05"]

1. d4 f5 2. g3 Nf6 3. Bg2 g6 4. Nf3 Bg7 5. O-O O-O 6. c4 d6 7. Nc3 Qe8 8. d5 Na6 9. Nd4 Bd7 10. Rb1 c5 11. Ne6 Bxe6 12. dxe6 Qc8 13. Qb3 Nb4 14. a3 Nc6 15. Nd5 Nxd5 16. cxd5 Nd4 17. Qd1 Rb8 18. Bg5 Re8 19. b4 b6 20. a4 a5 21. bxc5 bxc5 22. Rxb8 Qxb8 23. e3 Nb3 24. e4 fxe4 25. Bxe4 c4 26. h4 Nc5 27. Bc2 Qb2 28. h5 gxh5 29. Bxh7+ Kxh7 30. Qxh5+ Kg8 31. Qxe8+ Bf8 32. Qf7+ Kh8 33. Qxf8+ Kh7 34. Qxe7+ Kg6 35. Be3 Nd3 36. Qg5+ Kh7 37. Qh6+ Kg8 38. e7 Kf7 39. Qe6+ Ke8 40. Bg5 Qb8 41. Qg8+ Kd7 42. Qxb8 Nxf2 43. e8=Q# 1-0


[Site "https://www.chess.com"]

[Event "Titled Tuesday Blitz January 31 Early 2023"]
[White "Baruch, Liam"]
[Black "Schekachikhin, Maksim"]
[WhiteFideId "14322064"]
[BlackFideId "24177830"]
[WhiteElo "1718"]
[BlackElo "2371"]
[Result "1/2-1/2"]
[Round "01"]
[TimeControl "180+2"]
[Date "2023.01.31"]
[WhiteClock "0:00:11"]
[BlackClock "0:00:50"]

1. e4 c5 2. Nf3 Nf6 3. e5 Nd5 4. Nc3 Nxc3 5. dxc3 Nc6 6. Bf4 Qb6 7. Qc1 e6 8. Be2 Qc7 9. O-O b6 10. Re1 Bb7 11. Bf1 d6 12. Bb5 a6 13. exd6 Bxd6 14. Bxd6 Qxd6 15. Rd1 Qc7 16. Be2 O-O 17. Qe3 Rfd8 18. h3 Ne7 19. Qe5 Qxe5 20. Nxe5 f6 21. Nf3 Kf7 22. Bc4 b5 23. Be2 Nd5 24. Ne1 Nf4 25. Bf3 Bxf3 26. Nxf3 Ke7 27. Kf1 g5 28. g3 Nd5 29. Re1 Nb6 30. Rad1 Na4 31. Rb1 Rd6 32. Re3 Rad8 33. b3 Nb6 34. Rbe1 Kf7 35. h4 g4 36. Ng1 h5 37. Ne2 e5 38. Nc1 Nd5 39. Rd3 c4 40. Rdd1 Ne3+ 41. fxe3 Rxd1 42. Ne2 R8d2 43. Rxd1 Rxd1+ 44. Kf2 Rd2 45. bxc4 bxc4 46. e4 Rxc2 47. Ke3 Rxa2 48. Nc1 Rc2 49. Na2 Rxa2 1/2-1/2


[Site "https://www.chess.com"]

[Event "Titled Tuesday Blitz January 31 Early 2023"]
[White "Ismagilov, Damir"]
[Black "Wickramasinghe, Minethma Lasandi"]
[WhiteFideId "34199982"]
[BlackFideId "9966170"]
[WhiteElo "2156"]
[BlackElo "1483"]
[Result "1-0"]
[Round "01"]
[TimeControl "180+2"]
[Date "2023.01.31"]
[WhiteClock "0:01:00"]
[BlackClock "0:01:09"]

1. e4 c5 2. Nf3 Nc6 3. b3 d6 4. Bb2 Nf6 5. d3 e5 6. Nbd2 Be6 7. g3 g6 8. Bg2 Bg7 9. O-O O-O 10. Re1 Nh5 11. Nc4 b5 12. Ne3 Ne7 13. a4 a6 14. Qd2 h6 15. axb5 axb5 16. Rxa8 Qxa8 17. Ra1 Qb7 18. Qa5 Nc6 19. Qa6 Rb8 20. Nd2 Nb4 21. Qxb7 Rxb7 22. Ra8+ Kh7 23. Rd8 Rb6 24. Bc3 Bf6 25. Ra8 Nc6 26. Nd5 Bxd5 27. exd5 Nd4 28. Bxd4 exd4 29. f4 Ng7 30. Ne4 Nf5 31. Nxf6+ Kg7 32. Ne8+ Kh7 33. Be4 Ne3 34. Rd8 Nxc2 35. Rxd6 Rb7 36. Rd7 Rxd7 37. Nf6+ Kg7 38. Nxd7 Na1 39. Nxc5 1-0


[Site "https://www.chess.com"]

[Event "Titled Tuesday Blitz January 31 Early 2023"]
[White "Kubicka, Anna"]
[Black "Mohammadian, Mohammad"]
[WhiteFideId "1152254"]
[BlackFideId "12566055"]
[WhiteElo "2240"]
[BlackElo "1398"]
[Result "1-0"]
[Round "01"]
[TimeControl "180+2"]
[Date "2023.01.31"]
[WhiteClock "0:02:25"]
[BlackClock "0:01:39"]

1. e4 e5 2. Nf3 Nc6 3. Bc4 Bc5 4. O-O Nf6 5. d3 h6 6. c3 d6 7. a4 a5 8. Nbd2 Bg4 9. h3 Bh5 10. Re1 O-O 11. Nf1 Qc8 12. Ng3 Bg6 13. Be3 Re8 14. Nh4 Bh7 15. Qf3 Bxe3 16. fxe3 Ne7 17. Nh5 Ng4 18. Qxf7+ 1-0


[Site "https://www.chess.com"]

[Event "Titled Tuesday Blitz January 31 Early 2023"]
[White "Ristic, Nebojsa B"]
[Black "Noshin, Anjum"]
[WhiteFideId "935468"]
[BlackFideId "10218564"]
[WhiteElo "2236"]
[BlackElo "1946"]
[Result "1-0"]
[Round "01"]
[TimeControl "180+2"]
[Date "2023.01.31"]
[WhiteClock "0:01:06"]
[BlackClock "0:00:02"]

1. d4 d5 2. c4 dxc4 3. Nf3 Nf6 4. e3 e6 5. Bxc4 c5 6. O-O a6 7. b3 b5 8. Bd3 Bb7 9. Bb2 Nc6 10. Nbd2 Be7 11. Qe2 cxd4 12. Nxd4 O-O 13. Rfd1 Nxd4 14. Bxd4 Nd5 15. Ne4 f5 16. Ng3 Bf6 17. Qb2 Nb4 18. Bf1 Bxd4 19. Rxd4 Qf6 20. Rad1 Nc6 21. R4d2 Qxb2 22. Rxb2 Rad8 23. Rc1 Nb4 24. Rc7 Bd5 25. a3 1-0


[Site "https://www.chess.com"]

[Event "Titled Tuesday Blitz January 31 Early 2023"]
[White "EREBUNI91"]
[Black "Parpiev, Isaak"]
[BlackFideId "34281576"]
[WhiteElo "2542"]
[BlackElo "2167"]
[Result "1-0"]
[Round "01"]
[TimeControl "180+2"]
[Date "2023.01.31"]
[WhiteClock "0:01:00"]
[BlackClock "0:00:04"]

1. e4 e6 2. d4 d5 3. Nc3 Bb4 4. e5 Bf8 5. Bd2 b6 6. f4 c5 7. Nf3 Nc6 8. Be3 c4 9. g4 h5 10. gxh5 Rxh5 11. Ng5 g6 12. Ne2 Be7 13. h4 Rh8 14. Ng3 Nh6 15. h5 Nf5 16. hxg6 Rxh1 17. gxf7+ Kd7 18. Nxh1 Bxg5 19. fxg5 Nxe3 20. Qd2 Nxf1 21. Qf4 Ba6 22. O-O-O c3 23. g6 cxb2+ 24. Kb1 Qh8 25. Nf2 Ne7 26. Nd3 Nxg6 27. Qxf1 Qg7 28. Nc5+ bxc5 29. Qxa6 Rc8 30. Qd6# 1-0


[Site "https://www.chess.com"]

[Event "Titled Tuesday Blitz January 31 Early 2023"]
[White "Nakamura, Hikaru"]
[Black "Csonka, Balazs"]
[WhiteFideId "2016192"]
[BlackFideId "742910"]
[WhiteElo "2775"]
[BlackElo "2496"]
[Result "1-0"]
[Round "02"]
[TimeControl "180+2"]
[Date "2023.01.31"]
[WhiteClock "0:00:59"]
[BlackClock "0:00:02"]

1. Nf3 d5 2. g3 g6 3. c3 Bg7 4. d4 Nf6 5. Bg2 O-O 6. a4 a5 7. O-O c6 8. Nbd2 Nbd7 9. Re1 Re8 10. e4 Nxe4 11. Nxe4 dxe4 12. Rxe4 Nf6 13. Re1 Bg4 14. h3 Bxf3 15. Bxf3 Qb6 16. Qc2 e6 17. Bg5 Rad8 18. Rab1 Rd7 19. Re2 Nd5 20. Rbe1 Qc7 21. Kg2 Qd6 22. Qb3 Qc7 23. h4 h6 24. Bc1 h5 25. Bg5 Bf8 26. c4 Nb4 27. d5 e5 28. Bd2 cxd5 29. cxd5 Qd6 30. Bc3 Bg7 31. Rd2 Rde7 32. Bxb4 axb4 33. Re4 f5 34. Rxb4 e4 35. Bd1 e3 36. Rb6 Qe5 37. d6+ Kh7 38. dxe7 exd2 39. Qf7 Qe4+ 40. Kh2 Qd4 41. Qxg6+ Kh8 42. Qxe8+ 1-0


[Site "https://www.chess.com"]

[Event "Titled Tuesday Blitz January 31 Early 2023"]
[White "Starozhilov, Leonid"]
[Black "Dubov, Daniil"]
[WhiteFideId "14106752"]
[BlackFideId "24126055"]
[WhiteElo "2313"]
[BlackElo "2708"]
[Result "0-1"]
[Round "02"]
[TimeControl "180+2"]
[Date "2023.01.31"]
[WhiteClock "0:00:04"]
[BlackClock "0:00:05"]

1. e4 c5 2. Nf3 e6 3. c4 Nc6 4. d4 cxd4 5. Nxd4 Nf6 6. Nc3 Bb4 7. Nxc6 bxc6 8. Bd3 e5 9. O-O O-O 10. Qc2 Bc5 11. a3 a5 12. Rb1 Rb8 13. Na4 Bd4 14. c5 d5 15. cxd6 Qxd6 16. Bd2 Be6 17. b4 Ng4 18. Bc3 Ba7 19. h3 Nf6 20. bxa5 Qxa3 21. Nb6 Qc5 22. Qb2 Bxb6 23. axb6 Nd7 24. Bb4 Qxb6 25. Qc3 c5 26. Ba3 Qc6 27. Rfc1 Rxb1 28. Rxb1 Rc8 29. Bc4 Qxe4 30. Bd3 Qd4 31. Qc2 Nf6 32. Bb2 Qd6 33. Re1 c4 34. Bf5 c3 35. Bxe6 Qxe6 36. Bc1 h6 37. Be3 Nd5 38. Bd4 f6 39. Qb3 Kh8 40. Be3 Nf4 41. Qb7 Qc6 42. Qf7 Qxg2# 0-1


[Site "https://www.chess.com"]

[Event "Titled Tuesday Blitz January 31 Early 2023"]
[White "So, Wesley"]
[Black "Tan, Zhongyi"]
[WhiteFideId "5202213"]
[BlackFideId "8603642"]
[WhiteElo "2760"]
[BlackElo "2517"]
[Result "1-0"]
[Round "02"]
[TimeControl "180+2"]
[Date "2023.01.31"]
[WhiteClock "0:00:32"]
[BlackClock "0:00:01"]

1. e4 c5 2. Nf3 d6 3. Bb5+ Bd7 4. Bxd7+ Qxd7 5. c4 e5 6. Nc3 Nc6 7. d3 Be7 8. a3 Bd8 9. O-O Nge7 10. Rb1 O-O 11. b4 f5 12. exf5 Nxf5 13. Re1 Bc7 14. Bd2 b6 15. Ne4 h6 16. a4 Rf7 17. b5 Nce7 18. a5 Raf8 19. axb6 axb6 20. Bc3 Ng6 21. Qc2 Nf4 22. Ned2 Nd4 23. Bxd4 Qg4 24. g3 cxd4 25. Re4 Qg6 26. Rf1 Bd8 27. Kh1 Nh3 28. Kg2 Nxf2 29. Rxf2 Bg5 30. Qd1 Be3 31. Rf1 h5 32. Qe2 Qh6 33. h4 Qg6 34. Rxe3 dxe3 35. Qxe3 Ra8 36. Rf2 Ra3 37. Ne4 Rb3 38. Qxb6 Rxd3 39. Qd8+ Rf8 40. Qxf8+ Kxf8 41. Nxe5+ Qf6 42. Nxf6 1-0


[Site "https://www.chess.com"]

[Event "Titled Tuesday Blitz January 31 Early 2023"]
[White "Andreikin, Dmitry"]
[Black "Malek, Jan"]
[WhiteFideId "4158814"]
[BlackFideId "21864080"]
[WhiteElo "2729"]
[BlackElo "2370"]
[Result "1/2-1/2"]
[Round "02"]
[TimeControl "180+2"]
[Date "2023.01.31"]
[WhiteClock "0:00:34"]
[BlackClock "0:00:05"]

1. d4 d5 2. c4 e6 3. Nc3 Nf6 4. cxd5 exd5 5. Nf3 c6 6. Bf4 Bd6 7. Bg3 O-O 8. e3 Bf5 9. Qb3 Qe7 10. Be2 a5 11. O-O Bxg3 12. hxg3 Na6 13. Ne5 Nb4 14. Rfc1 Nd7 15. Nxd7 Qxd7 16. Na4 Qe7 17. a3 Na6 18. Qb6 Nb8 19. Nc5 Bc8 20. b4 Qd8 21. Na4 axb4 22. axb4 Nd7 23. Qxd8 Rxd8 24. b5 Nf6 25. Nc5 Rxa1 26. Rxa1 cxb5 27. Ra8 Rf8 28. Bxb5 b6 29. Na4 Bd7 30. Rxf8+ Kxf8 31. Bxd7 Nxd7 32. g4 Ke7 33. Nc3 Kd6 34. Kf1 Kc6 35. Ke2 b5 36. Na2 Nb8 37. Nb4+ Kd6 38. Kd3 g5 39. Kc3 Nc6 40. Nd3 Na5 41. Kb4 Nc4 42. Kxb5 Nd2 43. Kb4 Ne4 44. Kb3 f6 45. Kc2 Ke7 46. f3 Nd6 47. Nb4 Ke6 48. Kd3 f5 49. gxf5+ Nxf5 50. Nxd5 Nh4 51. Nc7+ Kd7 52. Na6 Nxg2 53. d5 Kd6 54. Kd4 Ne1 55. Ke4 h5 56. Nb4 h4 57. Nc6 h3 58. Nd4 h2 59. Nf5+ Kc5 60. Ng3 Ng2 61. Nh1 Kd6 62. Nf2 Kc5 63. Nd3+ Kd6 64. Nf2 Kc5 65. f4 gxf4 66. exf4 Nxf4 67. Kxf4 Kxd5 68. Kg3 h1=Q 69. Nxh1 1/2-1/2


[Site "https://www.chess.com"]

[Event "Titled Tuesday Blitz January 31 Early 2023"]
[White "Duda, Jan-Krzysztof"]
[Black "Vlassov, Nikolai"]
[WhiteFideId "1170546"]
[BlackFideId "4103360"]
[WhiteElo "2724"]
[BlackElo "2283"]
[Result "1-0"]
[Round "02"]
[TimeControl "180+2"]
[Date "2023.01.31"]
[WhiteClock "0:01:08"]
[BlackClock "0:01:00"]

1. c4 e5 2. Nc3 Nf6 3. Nf3 Nc6 4. e4 d6 5. h3 g6 6. d4 Bg7 7. d5 Ne7 8. Be3 O-O 9. g4 Ne8 10. Rg1 Kh8 11. c5 f5 12. gxf5 gxf5 13. Ng5 f4 14. Bd2 Nf6 15. cxd6 cxd6 16. Qb3 Bh6 17. Ne6 Bxe6 18. dxe6 Nc6 19. Qxb7 Nd4 20. e7 Nf3+ 21. Kd1 Qb8 22. exf8=Q+ Bxf8 23. Qxb8 Rxb8 24. Rg2 Rxb2 25. Bc1 Rb4 26. Rb1 Rxb1 27. Nxb1 Nxe4 28. Bc4 Nf6 29. Nd2 Nh4 30. Rg1 d5 31. Bb3 Bg7 32. Bb2 Ng6 33. Rxg6 hxg6 34. Bxe5 g5 35. Bxf6 Bxf6 36. Bxd5 Kg7 37. Ne4 Be7 38. Be6 Kg6 39. a4 1-0


[Site "https://www.chess.com"]

[Event "Titled Tuesday Blitz January 31 Early 2023"]
[White "Samant Aditya S"]
[Black "Sarana, Alexey"]
[WhiteFideId "35080580"]
[BlackFideId "24133795"]
[WhiteElo "2501"]
[BlackElo "2685"]
[Result "0-1"]
[Round "02"]
[TimeControl "180+2"]
[Date "2023.01.31"]
[WhiteClock "0:00:04"]
[BlackClock "0:00:20"]

1. e4 e5 2. Nf3 Nc6 3. Bb5 a6 4. Ba4 b5 5. Bb3 Na5 6. O-O d6 7. d4 exd4 8. Nxd4 Nf6 9. Bd5 Bb7 10. Bxb7 Nxb7 11. Re1 Qd7 12. Bg5 Ng4 13. Nc3 h6 14. Bh4 g5 15. Bg3 h5 16. Nf5 Nc5 17. Nd5 O-O-O 18. b4 Nxe4 19. Rxe4 Qxf5 20. Re7 Rd7 21. Rxd7 Kxd7 22. h3 Ne5 23. Qd4 h4 24. Bh2 Bg7 25. Qd2 Nc4 26. Qd1 Bxa1 27. Qxa1 Re8 28. Nf6+ Qxf6 0-1


[Site "https://www.chess.com"]

[Event "Titled Tuesday Blitz January 31 Early 2023"]
[White "Pranav, V"]
[Black "Cunha, Lucas Aguiar"]
[WhiteFideId "25060783"]
[BlackFideId "2125404"]
[WhiteElo "2597"]
[BlackElo "2309"]
[Result "1-0"]
[Round "02"]
[TimeControl "180+2"]
[Date "2023.01.31"]
[WhiteClock "0:00:07"]
[BlackClock "0:00:25"]

1. Nf3 d5 2. g3 c5 3. Bg2 Nc6 4. O-O Nf6 5. d3 g6 6. Nbd2 Bg7 7. e4 O-O 8. Re1 e6 9. exd5 exd5 10. Nb3 b6 11. h3 h6 12. c3 a5 13. d4 a4 14. Nbd2 Be6 15. Rb1 Qd7 16. Kh2 Bf5 17. Ra1 Ne4 18. Rf1 cxd4 19. Nxd4 Nxd4 20. cxd4 Bxd4 21. Nxe4 dxe4 22. Bxh6 Bxb2 23. Rb1 Qxd1 24. Rfxd1 Bg7 25. Bxg7 Kxg7 26. Rxb6 Rab8 27. Rdb1 Rxb6 28. Rxb6 Rc8 29. g4 Be6 30. Bxe4 Bxa2 31. Ra6 Bb3 32. h4 Re8 33. f3 Re6 34. Ra7 Kf6 35. Kg3 Rd6 36. Kf4 Kg7 37. h5 gxh5 38. gxh5 Kh6 39. Kg4 Be6+ 40. Kh4 f5 41. Bc2 Rd4+ 42. Kg3 f4+ 43. Kh4 Rd2 44. Rh7# 1-0


[Site "https://www.chess.com"]

[Event "Titled Tuesday Blitz January 31 Early 2023"]
[White "Dehtiarov, Roman"]
[Black "Le, Tuan Minh"]
[WhiteFideId "14186640"]
[BlackFideId "12401153"]
[WhiteElo "2289"]
[BlackElo "2542"]
[Result "0-1"]
[Round "02"]
[TimeControl "180+2"]
[Date "2023.01.31"]
[WhiteClock "0:00:14"]
[BlackClock "0:00:09"]

1. e4 c5 2. Nc3 Nc6 3. f4 e6 4. Nf3 a6 5. g3 d5 6. Bg2 Nf6 7. e5 Nd7 8. d3 Be7 9. O-O O-O 10. Qe2 b5 11. Qf2 f6 12. exf6 Nxf6 13. Qe2 Bd6 14. Ne5 Nd4 15. Qd1 Qc7 16. Nf3 Bb7 17. Nxd4 cxd4 18. Ne2 Bc5 19. b3 Rae8 20. Bb2 Ng4 21. Qd2 e5 22. fxe5 Qxe5 23. Nf4 Qe3+ 24. Qxe3 dxe3 25. d4 Bb4 26. c3 Bd6 27. Nd3 h5 28. Rxf8+ Rxf8 29. Re1 h4 30. Nf4 hxg3 31. hxg3 g5 32. Ne2 Nf2 33. Bc1 Nd3 34. Rf1 Rxf1+ 35. Kxf1 Nxc1 36. Nxc1 Bxg3 37. Ke2 Bf4 38. Nd3 Kf7 39. Nxf4 gxf4 40. Kf3 Kf6 41. Bf1 Kg5 42. Bh3 a5 43. b4 axb4 44. cxb4 Bc6 45. Be6 Kf6 46. Bh3 Be8 47. Bf1 Kg5 48. Bd3 Bh5+ 49. Kg2 f3+ 50. Kg3 f2 51. Kg2 Kf4 52. a4 Bf3+ 53. Kf1 Kg3 54. Be4 Bxe4 0-1


[Site "https://www.chess.com"]

[Event "Titled Tuesday Blitz January 31 Early 2023"]
[White "Martinez Ramirez, Lennis"]
[Black "Indjic, Aleksandar"]
[WhiteFideId "3509079"]
[BlackFideId "911925"]
[WhiteElo "2426"]
[BlackElo "2618"]
[Result "1-0"]
[Round "02"]
[TimeControl "180+2"]
[Date "2023.01.31"]
[WhiteClock "0:00:21"]
[BlackClock "0:00:07"]

1. c4 e5 2. Nc3 Bb4 3. Nd5 a5 4. g3 d6 5. Bg2 Nf6 6. e3 Nxd5 7. cxd5 Nd7 8. Ne2 Bc5 9. d4 Bb6 10. O-O O-O 11. b3 Re8 12. dxe5 Nxe5 13. h3 a4 14. bxa4 Bd7 15. Nc3 Ba5 16. Bb2 Nc4 17. Qb3 Nxb2 18. Qxb2 Qf6 19. Rfc1 Bb6 20. Rab1 h5 21. Nb5 Bxb5 22. Qxf6 gxf6 23. axb5 Rxa2 24. Rc4 Re5 25. Rf4 Kg7 26. Bf3 Rg5 27. Kf1 Kg6 28. Be4+ Kg7 29. Re1 Re5 30. Kg2 Rb2 31. Rb1 Rxb1 32. Bxb1 Rxd5 33. Rf5 Rd2 34. Kf3 Rb2 35. Be4 Ba5 36. Bxb7 Be1 37. Kg2 Bd2 38. Kf1 Bc3 39. Rxh5 Be5 40. Bc6 Rc2 41. Rh4 f5 42. Ra4 Rc1+ 43. Kg2 Ra1 44. Rc4 Ra7 45. Rc2 Kf6 46. f4 Ba1 47. Kf3 Kg6 48. Bd5 Bf6 49. Bc4 Ra3 50. Rd2 Rc3 51. Bd3 Rc5 52. g4 Kg7 53. gxf5 d5 54. Rc2 Rxc2 55. Bxc2 Kf8 56. Bb3 d4 57. e4 d3 58. Ke3 Bh4 59. Kxd3 Bd8 60. e5 f6 61. e6 Be7 62. Ke4 Bd6 63. h4 Ke8 64. h5 Kf8 65. Ba4 Kg7 66. Bd1 Kh6 67. Kd5 Kg7 68. Kc6 Bxf4 69. Kd7 Bd6 70. e7 1-0


[Site "https://www.chess.com"]

[Event "Titled Tuesday Blitz January 31 Early 2023"]
[White "Caruana, Fabiano"]
[Black "Koellner, Ruben Gideon"]
[WhiteFideId "2020009"]
[BlackFideId "12993093"]
[WhiteElo "2764"]
[BlackElo "2426"]
[Result "1/2-1/2"]
[Round "02"]
[TimeControl "180+2"]
[Date "2023.01.31"]
[WhiteClock "0:00:10"]
[BlackClock "0:00:08"]

1. c4 e6 2. Nc3 d5 3. d4 Nf6 4. cxd5 exd5 5. Bg5 Be7 6. e3 c6 7. Bd3 Nbd7 8. Nge2 h6 9. Bh4 Nh5 10. Bxe7 Qxe7 11. O-O O-O 12. Nc1 Nhf6 13. Nb3 Re8 14. Qd2 a5 15. a4 Qb4 16. Qc2 Nb6 17. Rfe1 Be6 18. f3 Nc4 19. Bxc4 dxc4 20. Nc5 Nd5 21. e4 Nf6 22. Rad1 Rad8 23. Qf2 Nd7 24. Nxe6 fxe6 25. Rd2 Nf8 26. h4 Rd7 27. Red1 Red8 28. e5 Ng6 29. Ne4 Rd5 30. Qg3 Kh7 31. h5 Ne7 32. Qg4 Nf5 33. Qg6+ Kh8 34. Qxe6 Nxd4 35. Qg4 Nxf3+ 36. Qxf3 Rxd2 37. Rxd2 Rxd2 38. Nxd2 Qxd2 39. Qf8+ Kh7 40. Qf5+ Kh8 41. Kh2 Qd5 42. Kg3 Qd3+ 43. Qxd3 cxd3 44. Kf3 Kg8 45. Ke3 Kf7 46. Kxd3 Ke6 47. Ke4 b5 48. g4 bxa4 49. Kd4 c5+ 50. Ke4 c4 51. Kd4 a3 52. bxa3 c3 53. Kxc3 Kxe5 54. Kc4 Kf4 55. Kb5 Kxg4 56. Kxa5 Kxh5 57. Kb4 g5 58. a4 g4 59. a5 g3 60. a6 g2 61. a7 g1=Q 62. a8=Q Qg4+ 63. Kc3 Kh4 64. Kd2 h5 65. Ke3 Qg3+ 66. Qf3 Kh3 67. Ke2 h4 68. Qh1+ Kg4 69. Qe4+ Kg5 70. Qd5+ Kg4 71. Qe4+ Kh3 72. Qh1+ Qh2+ 73. Qxh2+ Kxh2 74. Kf1 h3 75. Kf2 Kh1 76. Kf1 h2 77. Kf2 1/2-1/2


[Site "https://www.chess.com"]

[Event "Titled Tuesday Blitz January 31 Early 2023"]
[White "Kollars, Dmitrij"]
[Black "Mirzoev, Azer"]
[WhiteFideId "12909572"]
[BlackFideId "13400304"]
[WhiteElo "2607"]
[BlackElo "2416"]
[Result "1-0"]
[Round "02"]
[TimeControl "180+2"]
[Date "2023.01.31"]
[WhiteClock "0:00:07"]
[BlackClock "0:00:03"]

1. e4 e6 2. d4 d5 3. exd5 exd5 4. Nf3 c6 5. Bd3 Bg4 6. h3 Bh5 7. Bf4 Nf6 8. Nbd2 Be7 9. O-O O-O 10. Re1 Bg6 11. Nf1 Nbd7 12. c3 Re8 13. Ng3 Bxd3 14. Qxd3 Bf8 15. Nf5 Qb6 16. b3 Rxe1+ 17. Rxe1 Re8 18. Rxe8 Nxe8 19. Ne5 Nxe5 20. Bxe5 Qd8 21. Qg3 g6 22. Ne3 Bg7 23. c4 dxc4 24. Bxg7 Kxg7 25. bxc4 h5 26. a4 Kg8 27. Qe5 Nf6 28. d5 cxd5 29. cxd5 Kg7 30. d6 Qd7 31. g4 Qe6 32. Qd4 Kg8 33. g5 Nd7 34. Nd5 Qe5 35. Nf6+ Kg7 36. Qxe5 Nxe5 37. d7 Nc6 38. f4 Kf8 39. Nd5 a6 40. a5 Nd8 41. Kf2 f6 42. gxf6 Kf7 43. Ke3 Ke6 44. Kd4 Kxd7 45. Kc5 Ke6 46. h4 Nf7 47. Ne3 Kxf6 48. Kb6 Nd6 49. Kc7 Nb5+ 50. Kxb7 Nd4 51. Kxa6 Ne6 52. Kb6 Nxf4 53. a6 Ne6 54. a7 g5 55. a8=Q gxh4 56. Qf3+ Kg5 57. Qf5+ Kh6 58. Qxe6+ 1-0


[Site "https://www.chess.com"]

[Event "Titled Tuesday Blitz January 31 Early 2023"]
[White "Bortnyk, Olexandr"]
[Black "Domingo Nunez, Ruben"]
[WhiteFideId "14120828"]
[BlackFideId "22245570"]
[WhiteElo "2605"]
[BlackElo "2416"]
[Result "1-0"]
[Round "02"]
[TimeControl "180+2"]
[Date "2023.01.31"]
[WhiteClock "0:01:39"]
[BlackClock "0:00:14"]

1. e4 c6 2. c4 d5 3. cxd5 cxd5 4. exd5 Nf6 5. Qa4+ Bd7 6. Qb3 Qb6 7. Nc3 Na6 8. Nf3 Qxb3 9. axb3 Nb4 10. Nd4 e5 11. dxe6 fxe6 12. Ra5 b6 13. Rg5 h6 14. Rg3 Bd6 15. Rxg7 Be5 16. Nf3 Bf4 17. g3 Bd6 18. d4 Bc6 19. Bb5 Kf8 20. Bxc6 Kxg7 21. Bxa8 Rxa8 22. Ke2 Rc8 23. Bd2 Nfd5 24. Rc1 Re8 25. Ne4 Bb8 26. Ne5 Rd8 27. Nc6 Nxc6 28. Rxc6 Ne7 29. Rxe6 Nf5 30. Bc3 Nxd4+ 31. Ke3 1-0


[Site "https://www.chess.com"]

[Event "Titled Tuesday Blitz January 31 Early 2023"]
[White "Makhnev, Denis"]
[Black "Oro, Faustino"]
[WhiteFideId "13707647"]
[BlackFideId "20000197"]
[WhiteElo "2483"]
[BlackElo "2269"]
[Result "1-0"]
[Round "02"]
[TimeControl "180+2"]
[Date "2023.01.31"]
[WhiteClock "0:00:31"]
[BlackClock "0:00:13"]

1. d4 Nf6 2. c4 e6 3. g3 d5 4. Bg2 Be7 5. Nf3 O-O 6. O-O dxc4 7. Qc2 a6 8. a4 Bd7 9. Qxc4 Bc6 10. Bf4 a5 11. Nc3 Na6 12. Rfd1 Nb4 13. Qb3 Nfd5 14. Ne5 Nxf4 15. gxf4 Bxg2 16. Kxg2 c6 17. e3 Qc7 18. Rac1 Rae8 19. Kh1 Qb8 20. Nd7 Qc7 21. Nxf8 Rxf8 22. Ne4 b6 23. Qc4 Qd7 24. Rg1 b5 25. axb5 cxb5 26. Qe2 Qd5 27. f3 f5 28. Nc3 Qb3 29. Nxb5 a4 30. Rc7 Bf6 31. Rc3 Qd5 32. Rc5 Qb3 33. Kg2 Rb8 34. Rgc1 Kf7 35. Nd6+ Kg6 36. Kh1 h6 37. R5c3 Qd5 38. Nc4 Na2 39. Rg1+ Kh7 40. Ra3 Nb4 41. Rxa4 Qb5 42. b3 Nd5 43. Ra7 Qxb3 44. Qg2 Rg8 45. Qg6+ Kh8 46. Nd6 Rf8 47. Rxg7 1-0


[Site "https://www.chess.com"]

[Event "Titled Tuesday Blitz January 31 Early 2023"]
[White "Darini, Pouria"]
[Black "Eljanov, Pavel"]
[WhiteFideId "12502200"]
[BlackFideId "14102951"]
[WhiteElo "2401"]
[BlackElo "2705"]
[Result "1-0"]
[Round "02"]
[TimeControl "180+2"]
[Date "2023.01.31"]
[WhiteClock "0:00:06"]
[BlackClock "0:00:17"]

1. e4 c6 2. d4 d5 3. e5 Bf5 4. h4 h5 5. Bd3 Bxd3 6. Qxd3 Qa5+ 7. Nd2 e6 8. Nf3 Nh6 9. O-O Nf5 10. g3 Nd7 11. c4 Be7 12. b3 O-O 13. Bb2 Rfd8 14. Rfd1 Qa6 15. a4 c5 16. Qe2 g6 17. Kf1 Rac8 18. cxd5 Qxe2+ 19. Kxe2 exd5 20. dxc5 Nxc5 21. Rac1 Ne6 22. Rxc8 Rxc8 23. Rc1 Rxc1 24. Bxc1 Kf8 25. Bb2 Ke8 26. Nf1 Bc5 27. N1d2 Kd7 28. Bc3 d4 29. Bb2 d3+ 30. Ke1 Ned4 31. Nxd4 Nxd4 32. Bxd4 Bxd4 33. f4 Ke6 34. Nf3 Be3 35. Ng5+ Ke7 36. Ne4 a6 37. Kd1 Ke6 38. Ng5+ Kf5 39. Nxf7 Bf2 40. Nd6+ Ke6 41. Nxb7 Bxg3 42. Nc5+ Kf5 43. Nxd3 Bxh4 44. Ke2 Ke4 45. e6 Be7 46. b4 Kd5 47. b5 a5 48. Ne5 Kxe6 49. Nxg6 Bd6 50. Kf3 Kf6 51. Ne5 Kf5 52. Nc4 Bc7 53. b6 Bb8 54. Nxa5 Bxf4 55. Nc6 Bd6 56. a5 Ke6 57. a6 Kd7 58. a7 1-0


[Site "https://www.chess.com"]

[Event "Titled Tuesday Blitz January 31 Early 2023"]
[White "Anton Guijarro, David"]
[Black "Souleidis, Georgios"]
[WhiteFideId "2285525"]
[BlackFideId "4206827"]
[WhiteElo "2690"]
[BlackElo "2419"]
[Result "1/2-1/2"]
[Round "02"]
[TimeControl "180+2"]
[Date "2023.01.31"]
[WhiteClock "0:00:06"]
[BlackClock "0:00:09"]

1. Nf3 Nf6 2. b3 d5 3. Bb2 Bf5 4. Nh4 Bc8 5. g3 c5 6. Bg2 Nc6 7. Nf3 Bf5 8. O-O e6 9. c4 d4 10. e3 Be7 11. exd4 cxd4 12. Re1 O-O 13. Ne5 Nxe5 14. Rxe5 Qd7 15. d3 Bd6 16. Re1 e5 17. Qc2 Rac8 18. Nd2 Rfe8 19. a3 a5 20. Re2 Bg4 21. Bf3 Bxf3 22. Nxf3 Qg4 23. Kg2 Nh5 24. Bc1 Nf6 25. Bd2 b6 26. Rae1 Qf5 27. b4 axb4 28. axb4 Kf8 29. Qb3 h6 30. Qb1 g5 31. h3 Nd7 32. Qb3 Nf6 33. Qc2 Nd7 34. Qa4 Nf6 35. Qb3 Kg7 36. Ra1 Re7 37. Ra6 Bc7 38. c5 bxc5 39. bxc5 Rce8 40. Qc4 Qd7 41. c6 Qd5 42. Qxd5 Nxd5 43. Re1 f6 44. Rb1 Kf7 45. Rb5 Ke6 46. Ra1 Rc8 47. Re1 Kd6 48. Rc1 Bd8 49. Re1 Rxc6 50. Rb8 Bc7 51. Rh8 Ra6 52. Rxh6 Ra3 53. Bxg5 Re6 54. Bc1 Rxd3 55. h4 Ba5 56. Rf1 Rb3 57. h5 d3 58. Bd2 Rb4 59. Bxb4+ Bxb4 60. Rd1 e4 61. Nd4 Re5 62. Rg6 Kc5 63. Nb3+ Kc4 64. Nd2+ Bxd2 65. Rxd2 Rxh5 66. Rg8 Kd4 67. Rd1 Rh7 68. Rd8 Re7 69. Ra1 Re5 70. Ra4+ Kc5 71. Ra1 Kc4 72. g4 d2 73. Rd1 Kd3 74. Ra1 Ke2 75. Kg3 d1=Q 76. Rxd1 Kxd1 77. f4 exf3 78. Kxf3 Kd2 79. Rd6 Kd3 80. Kg3 Kd4 81. Kh4 Rg5 82. Rxf6 Rxg4+ 83. Kxg4 Nxf6+ 1/2-1/2


[Site "https://www.chess.com"]

[Event "Titled Tuesday Blitz January 31 Early 2023"]
[White "Sanal, Vahap"]
[Black "Leiva, Gianmarco"]
[WhiteFideId "6300545"]
[BlackFideId "3804399"]
[WhiteElo "2600"]
[BlackElo "2392"]
[Result "1-0"]
[Round "02"]
[TimeControl "180+2"]
[Date "2023.01.31"]
[WhiteClock "0:00:21"]
[BlackClock "0:00:12"]

1. e4 c5 2. Nc3 Nc6 3. Bb5 Nd4 4. a4 e6 5. Nf3 a6 6. Bc4 Nf6 7. d3 Nc6 8. O-O d5 9. exd5 exd5 10. Ba2 h6 11. d4 Be7 12. dxc5 d4 13. Ne2 Bxc5 14. Nf4 O-O 15. Re1 Bf5 16. Nd3 Bb6 17. Bf4 Nd5 18. Bg3 Rc8 19. Nfe5 Ncb4 20. Bb3 Bc7 21. Nxb4 Nxb4 22. Qh5 Bxe5 23. Qxf5 Bxg3 24. hxg3 Qd6 25. Rad1 Qc5 26. Qe4 Rfd8 27. Qxb7 Rc7 28. Qf3 Nxc2 29. Re2 Nb4 30. Rde1 d3 31. Re8+ Rxe8 32. Rxe8+ Kh7 33. Bxf7 d2 34. Qe4+ 1-0


[Site "https://www.chess.com"]